 Dungeon Crawl Stone Soup version 0.27-a0-1302-g7736ffe575 (webtiles) character file.

Game seed: 15213467809632720013

123 dcvsfb the Digger (level 5, -1/28 HPs)
             Began as a Gargoyle Earth Elementalist on June 18, 2021.
             Slain by a gnoll (2 damage)
             ... on level 3 of the Dungeon.
             The game lasted 00:06:04 (3316 turns).

dcvsfb the Digger (Gargoyle Earth Elementalist)     Turns: 3316, Time: 00:06:04

Health: -1/28      AC:  7    Str: 11    XL:     5   Next: 7%
Magic:  2/10       EV: 11    Int: 17    God:
Gold:   96         SH:  0    Dex: 10    Spells: 6/10 levels left

rFire    + . .     SeeInvis .   f - +1 short sword
rCold    . . .     Faith    .   (no shield)
rNeg     + . .     Spirit   .   b - +1 robe
rPois    ∞         Reflect  .   (no helmet)
rElec    +         Harm     .   o - scarf {repulsion}
rCorr    .         Rampage  .   (no gloves)
Will     .....                  (no boots)
Stlth    ++........             (no amulet)
HPRegen  0.09/turn              k - ring of protection from fire
MPRegen  0.12/turn              (no ring)

@: repel missiles
A: sickness immunity, AC +4, negative energy resistance 1, electricity
resistance, torment resistance 1, petrification resistance
a: no special abilities


You were on level 3 of the Dungeon.
You visited 1 branch of the dungeon, and saw 3 of its levels.

You collected 96 gold pieces.

Inventory:

Hand Weapons
 a - a +0 club
 d - a +0 dagger
 f - a +1 short sword (weapon)
Missiles
 c - 43 stones
Armour
 b - a +1 robe (worn)
 o - a scarf of repulsion (worn)
Jewellery
 k - a ring of protection from fire (left hand)
Scrolls
 g - 2 scrolls of magic mapping
 h - a scroll of enchant weapon
Potions
 e - 2 potions of magic


   Skills:
 - Level 1.5 Dodging
 - Level 2.1 Stealth
 + Level 3.4 Spellcasting
 + Level 1.3 Conjurations
 - Level 0.7 Transmutations
 + Level 5.2 Earth Magic


You had 6 spell levels left.
You knew the following spells:

 Your Spells              Type           Power      Damage    Failure   Level
a - Sandblast             Erth           40%        2d10      1%          1
b - Stone Arrow           Conj/Erth      28%        3d8       13%         3

Your spell library contained the following spells:

 Spells                   Type           Power      Damage    Failure   Level
 Passwall                 Tmut/Erth      10%        N/A       8%          2
 Petrify                  Tmut/Erth      13%        N/A       43%         4
 Lee's Rapid Deconstruct  Erth           10%        3d9*      47%         5


Dungeon Overview and Level Annotations

Branches:
Dungeon (3/15)

Altars:


Innate Abilities, Weirdness & Mutations

You are immune to sickness and miasma.
Your stone body is resilient. (AC +4)
You are immune to poison.
You resist negative energy. (rN+)
You are resistant to electric shocks. (rElec)
You are resistant to unholy torment.
You are immune to petrification.


Message History

Aiming: Sandblast (safe; 1% risk of failure)
Press: ? - help, Shift-Dir - straight line, f/p - gnoll sergeant
Aim: a gnoll sergeant, wielding a +0 spear and wearing a +0 scale mail (86% to hit)
The blast of sand hits the gnoll sergeant.
The gnoll sergeant is lightly wounded.
The gnoll hits you with a +0 club.
The gnoll sergeant hits you from afar with a +0 spear!
* * * LOW HITPOINT WARNING * * *
Casting: Sandblast (safe; 1% risk of failure)
Confirm with . or Enter, or press ? or * to list all spells.
Aiming: Sandblast (safe; 1% risk of failure)
Press: ? - help, Shift-Dir - straight line, f/p - gnoll sergeant
Aim: a gnoll sergeant, wielding a +0 spear and wearing a +0 scale mail (lightly wounded, 86% to hit)
The blast of sand hits the gnoll sergeant but does no damage.
The gnoll sergeant is lightly wounded.
The gnoll hits you but does no damage.
The gnoll sergeant hits you from afar with a +0 spear.
* * * LOW HITPOINT WARNING * * *
Casting: Sandblast (safe; 1% risk of failure)
Confirm with . or Enter, or press ? or * to list all spells.
Aiming: Sandblast (safe; 1% risk of failure)
Press: ? - help, Shift-Dir - straight line, f/p - gnoll sergeant
Aim: a gnoll sergeant, wielding a +0 spear and wearing a +0 scale mail (lightly wounded, 86% to hit)
The blast of sand hits the gnoll sergeant but does no damage.
The gnoll sergeant is lightly wounded.
The gnoll hits you but does no damage.
The gnoll sergeant hits you from afar with a +0 spear.
* * * LOW HITPOINT WARNING * * *
Casting: Sandblast (safe; 1% risk of failure)
Confirm with . or Enter, or press ? or * to list all spells.
You don't know that spell.
Unknown command.
Unknown command.
Unknown command.
Okay, then.
Unknown command.
Okay, then.
Unknown command.
The gnoll hits you with a +0 club.
You die...

,,,,,,,,,,,*,,,.....##*.........,
,,,,,,,,,,,**.#......#.......#..,
*,,,,,,,,,,**...#............####
*,,,,,,,,,,,,,...,............,,,
*,,,,,,,,,,*##*#.##..#,......#***
,,,,,,,,,,,,...#..##.###...#.####
,,,,,,,,,****#.....#.##..........
,,,,,,,,,,* **##....$#..........
,,,,,,,,,,* *#@.............#*,
,,,,,,,,,,****#..g.............#,
,,,,,,,,,,,.....gg...............
,,,,,,,,,,*####.........>......#.
,,,,,,,,,** *#g...............#,
,,,,,,,,** #.................#,
***,***** #.................#*
*,* *******#.#..............##
*,***,,,,,,,,**,,,,,**,,,,,**


You could see a gnoll sergeant and 3 gnolls.

Vanquished Creatures
  6 adders
  An adder skeleton (D:2)
  A worm (D:2)
  2 dart slugs
  An orc (D:3)
  8 bats
  2 endoplasms (D:1)
  2 giant cockroaches
  8 goblins
  7 hobgoblins
  3 jackals (D:2)
  2 quokkas (D:2)
  2 ball pythons
  A frilled lizard (D:2)
  6 kobolds
  8 rats
60 creatures vanquished.

Notes
Turn   | Place    | Note
-------+----------+-------------------------------------------
     0 | D:1      | dcvsfb the Gargoyle Earth Elementalist began the quest for
                  | the Orb.
     0 | D:1      | Reached XP level 1. HP: 10/10 MP: 3/3
   149 | D:1      | Reached XP level 2. HP: 12/15 MP: 5/5
   152 | D:1      | Reached skill level 4 in Earth Magic
  1232 | D:1      | Reached XP level 3. HP: 8/19 MP: 3/6
  2131 | D:2      | Reached XP level 4. HP: 16/24 MP: 4/8
  2233 | D:2      | Learned a level 3 spell: Stone Arrow
  2697 | D:2      | Reached skill level 5 in Earth Magic
  3220 | D:3      | Reached skill level 1 in Conjurations
  3300 | D:3      | Reached XP level 5. HP: 23/28 MP: 5/10
  3315 | D:3      | HP: 1/28 [gnoll sergeant (1)]
  3316 | D:3      | Slain by a gnoll

Illustrated notes

Levels and vault maps discovered:
D:1:      ncdulo_halloftheorcs, layout_basic, st_stairs_2, roderic_roman_lattice
D:2:      layout_basic
D:3:      layout_rooms, lemuel_doored_altar,
          shapermc_ecumenical_altar_totnotflames, kennysheep_small_spiral

Skill      XL: |  1  2  3  4 |
---------------+-------------+-----
Earth Magic    | 4 5 |  5.2
Spellcasting   | 3 |  3.4
Conjurations   | 1 |  1.3
Dodging        | |  1.5
Stealth        | |  2.1
Transmutations | |  0.7

Action                   |  1- 3 |  4- 6 || total
-------------------------+-------+-------++-------
Melee: Club              |     6 |       ||     6
       Dagger            |    12 |       ||    12
       Short sword       |    90 |    50 ||   140
 Cast: Sandblast         |    23 |    18 ||    41
       Stone Arrow       |       |     1 ||     1
  Use: Scroll            |       |     7 ||     7
 Stab: Sleeping          |     4 |       ||     4
Armor: Robe              |    50 |    17 ||    67
Dodge: Dodged            |    71 |    33 ||   104

Table legend: (Time is in decaauts)
 A = Elapsed time spent in this place.
 B = Non-inter-level travel time spent in this place.
 C = Inter-level travel time spent in this place.
 D = Time resting spent in this place.
 E = Time spent auto-exploring this place.
 F = Levels seen in this place.
 G = Mean time per level.
                   A        B        C        D        E       F      G
               +--------+--------+--------+--------+--------+-----+--------+
         Total |   3329 |   3250 |     79 |     69 |   2686 |   3 | 1109.7 |
       Dungeon |   3329 |   3250 |     79 |     69 |   2686 |   3 | 1109.7 |
               +--------+--------+--------+--------+--------+-----+--------+

Top non-repeatable levels by time:
     D:1: 1767 daAuts
     D:2: 1448 daAuts
     D:3: 113 daAuts
